WCHLSIM.com - West Coast Hockey League
html PUBLIC "-//W3C//DTD XHTML 1.0 Transitional//EN" "http://www.w3.org/TR/xhtml1/DTD/xhtml1-transitional.dtd"> WCHL - Game 647 - REGINA FALCONS vs ANAHEIM OUTLAWS

REGINA FALCONS vs ANAHEIM OUTLAWS

Created - 15 janvier 2020 at 18:07

Goals
1 2 3 T
REGINA FALCONS 3 3 0 6
ANAHEIM OUTLAWS 0 1 1 2
Shots
1 2 3 T
REGINA FALCONS 22 12 13 47
ANAHEIM OUTLAWS 4 3 10 17

1st period

1. REGINA FALCONS , Ryan Murray 4 (Jonathan Miller 24, David Pastrnak 28) at 9:05
2. REGINA FALCONS , Max Pacioretty 14 (Nazem Kadri 21) at 9:53
3. REGINA FALCONS , Max Pacioretty 15 (Nazem Kadri 22, Brandon Saad 10) at 17:12 (PP)

Penalties :
Ryan Callahan (ANA) for High sticking (Minor) at 5:19, Richard Panik (ANA) for Tripping (Minor) at 11:57, Ryan Callahan (ANA) for Holding (Minor) at 15:13, Thomas Hickey (ANA) for Goalie Interference (Minor) at 19:10

2nd period

4. REGINA FALCONS , Marc-Edouard Vlasic 4 (Brandon Saad 11, Max Pacioretty 20) at 1:02 (PP)
5. REGINA FALCONS , Max Pacioretty 16 (Nazem Kadri 23, Blake Comeau 5) at 1:35
6. REGINA FALCONS , Patrik Laine 7 (David Pastrnak 29) at 17:02
7. ANAHEIM OUTLAWS , Matt Duchene 18 (Morgan Rielly 19, Nicholas Ritchie 8) at 17:51

Penalties :
Sami Vatanen (REG) for Hooking (Minor) at 2:19, Michael Rasmussen (ANA) for Goalie Interference (Minor) at 13:52

3rd period

8. ANAHEIM OUTLAWS , John Tavares 22 (Jonathan Drouin 23, Morgan Rielly 20) at 7:11

Penalties :
Mark Borowiecki (ANA) for Hooking (Minor) at 0:07, Ron Hainsey (REG) for Hooking (Minor) at 3:45, Robert Bortuzzo (ANA) for Tripping (Minor) at 11:18

Goalie Stats

Frederik Andersen (REG), 15 saves from 17 shots - (0,882), W, 17-12-3, 60:00 minutes
Mackenzie Blackwood (ANA), 22 saves from 24 shots - (0,917), 38:58 minutes
Matthew Murray (ANA), 19 saves from 23 shots - (0,826), L, 18-17-2, 21:02 minutes

Players Stats for REGINA FALCONS

Player Name              G  A  P  +/- PIM S  H  SB GA TA FO     MP     PP MP  PK MP  
------------------------------------------------------------------------------------
Antti Suomela            0  0  0   0  0   0  0  0  0  0  1/5     7:54   0:00   1:30 
Ben Harpur               0  0  0   0  0   0  0  3  0  0  0/0    15:02   0:00   2:25 
Blake Comeau             0  1  1   1  0   2  1  0  0  0  1/2    14:03   0:00   1:32 
Boone Jenner             0  0  0  -1  0   3  1  0  0  0  7/12   11:30   0:00   2:26 
Brandon Saad             0  2  2  -1  0   4  1  0  0  0  1/1    17:05   5:35   2:26 
Brian Gibbons            0  0  0  -1  0   0  1  0  0  0  0/1     9:04   0:00   0:00 
David Pastrnak           0  2  2   2  0   6  0  0  0  0  1/1    22:28   8:11   0:00 
Jonathan Miller          0  1  1   2  0   4  1  0  0  0  22/32  22:30   8:11   0:02 
Marc-Edouard Vlasic      1  0  1   1  0   3  0  1  0  0  0/0    22:42   6:10   2:25 
Matt Martin              0  0  0   0  0   0  0  1  0  0  0/0     6:24   0:00   0:00 
Max Pacioretty           3  1  4   1  0   10 1  0  0  0  4/4    18:06   5:35   0:00 
Mirco Mueller            0  0  0   0  0   0  1  0  0  0  0/0    14:10   0:00   1:33 
Nazem Kadri              0  3  3   1  0   7  0  0  0  0  21/25  18:06   5:35   0:00 
Patrik Laine             1  0  1   2  0   4  1  0  0  0  0/2    22:28   8:11   0:00 
Ron Hainsey              0  0  0   1  2   1  0  0  0  0  0/0    20:57   6:10   0:41 
Ryan Murray              1  0  1   1  0   2  3  0  0  0  0/0    23:08   7:36   0:00 
Sami Vatanen             0  0  0   1  2   1  0  2  0  0  0/0    23:59   7:36   0:52 
Valeri Nichushkin        0  0  0   0  0   0  0  0  0  0  0/1     6:24   0:00   0:00 

Players Stats for ANAHEIM OUTLAWS

Player Name              G  A  P  +/- PIM S  H  SB GA TA FO     MP     PP MP  PK MP  
------------------------------------------------------------------------------------
Adrian Kempe             0  0  0   0  0   1  1  0  0  0  7/10   10:43   0:07   0:10 
Duncan Keith             0  0  0  -2  0   2  0  2  0  0  0/0    23:39   2:03   6:34 
Garnet Hathaway          0  0  0  -2  0   0  5  0  0  0  5/26   18:48   1:43   5:54 
John Tavares             1  0  1   1  0   3  0  0  0  0  2/2    13:43   0:00   0:00 
Jonathan Audy-Marchessau 0  0  0  -1  0   1  0  1  0  0  1/6     9:13   0:00   2:53 
Jonathan Drouin          0  1  1   1  0   1  0  0  0  0  10/29  23:32   1:43   7:14 
Keith Yandle             0  0  0  -2  0   1  0  1  0  0  0/0    17:33   0:00   0:37 
Mark Borowiecki          0  0  0  -2  2   0  2  4  0  0  0/0    24:12   2:03   7:24 
Matt Duchene             1  0  1  -3  0   4  0  1  0  0  2/3    18:12   0:00   0:00 
Maxime Lajoie            0  0  0   0  0   0  0  0  0  0  0/0     0:00   0:00   0:00 
Michael Grabner          0  0  0   0  0   0  0  0  0  0  1/2    12:36   2:15   0:00 
Michael Rasmussen        0  0  0   1  2   1  1  0  0  0  0/0    15:57   2:15   0:00 
Morgan Rielly            0  2  2   2  0   1  0  0  0  0  0/0    17:52   0:00   7:34 
Nicholas Ritchie         0  1  1  -2  0   0  1  0  0  0  0/2    12:08   0:00   0:00 
Richard Panik            0  0  0   0  2   1  1  0  0  0  0/2    19:00   1:43   7:13 
Robert Bortuzzo          0  0  0  -2  2   0  5  1  0  0  0/0    18:50   1:55   0:00 
Ryan Callahan            0  0  0  -1  4   0  3  0  0  0  0/4    12:18   2:08   4:08 
Thomas Hickey            0  0  0   2  2   1  1  2  0  0  0/0    17:51   1:55   5:23 

3 Stars

1 - Max Pacioretty (REG)
2 - Nazem Kadri (REG)
3 - Patrik Laine (REG)

Power Play

REGINA FALCONS - 2 on 7 Attempt(s) - 28,57%
ANAHEIM OUTLAWS - 0 on 2 Attempt(s) - 0,00%

Penalty Kill

REGINA FALCONS - 2 on 2 Attempt(s) - 100,00% - Score 0 goal in Penalty Kill
ANAHEIM OUTLAWS - 5 on 7 Attempt(s) - 71,43% - Score 0 goal in Penalty Kill

Team Stat

REGINA FALCONS - Hits : 11 - Faceoff Wins : 58 - Blocked Shots : 7 - Penalty Minutes : 4
ANAHEIM OUTLAWS - Hits : 20 - Faceoff Wins : 28 - Blocked Shots : 12 - Penalty Minutes : 14

Official

Referees : Dan O'Halloran and Ghislain Hebert
Linesman : Michael Voyer and Randy Sappo

Game Notes

Mackenzie Blackwood enters game at 1:02 of 2nd period
Max Pacioretty has scored a Hat Trick!

Finance

Level 1 -- Attendance: 6500 (100,00%) -- Ticket Income 702 000 $
Level 2 -- Attendance: 5500 (100,00%) -- Ticket Income 390 500 $
Level 3 -- Attendance: 2500 (100,00%) -- Ticket Income 107 500 $
Level 4 -- Attendance: 5000 (100,00%) -- Ticket Income 135 000 $
Luxury Box -- Attendance: 1000 (100,00%) -- Ticket Income 215 000 $
Game was played at the Bouch Garden.
Total Attendance: 20500 (100,00%)
Total Ticket Income: 1 550 000 $
Other Income: 465 000 $
Total Income: 2 015 000 $

REGINA FALCONS

5 vs 5 Forward 
   Center                   Left Wing                Right Wing               Time % Phy DF OF 
 1 Jonathan Miller          Patrik Laine             David Pastrnak           35     1   1  3  
 2 Nazem Kadri              Max Pacioretty           Blake Comeau             32     1   1  3  
 3 Boone Jenner             Brandon Saad             Brian Gibbons            19     1   2  2  
 4 Antti Suomela            Matt Martin              Valeri Nichushkin        14     1   3  1  

5 vs 5 Defense 
   Defense                  Defense                                           Time % Phy DF OF 
 1 Marc-Edouard Vlasic      Ron Hainsey                                       38     0   3  2  
 2 Ryan Murray              Sami Vatanen                                      35     0   2  3  
 3 Mirco Mueller            Ben Harpur                                        27     1   3  1  
 4 Mirco Mueller            Ron Hainsey                                       0      1   2  2  

PowerPlay Forward 
   Center                   Left Wing                Right Wing               Time % Phy DF OF 
 1 Jonathan Miller          Patrik Laine             David Pastrnak           55     0   0  5  
 2 Nazem Kadri              Max Pacioretty           Brandon Saad             45     0   0  5  

PowerPlay Defense
   Defense                  Defense                                           Time % Phy DF OF 
 1 Sami Vatanen             Ryan Murray                                       55     0   1  4  
 2 Marc-Edouard Vlasic      Ron Hainsey                                       45     0   2  3  

Penalty Kill 4 Players Forward 
   Center                   Wing                     Time % Phy DF OF 
 1 Boone Jenner             Brandon Saad             55     0   4  1  
 2 Antti Suomela            Blake Comeau             45     0   4  1  

Penalty Kill 4 Players Defense
   Defense                  Defense                  Time % Phy DF OF 
 1 Sami Vatanen             Mirco Mueller            55     0   5  0  
 2 Ben Harpur               Marc-Edouard Vlasic      45     0   5  0  

Penalty Kill - 3 Players Forward 
   Forward                                           Time % Phy DF OF 
 1 Boone Jenner                                      55     0   5  0  
 2 Brian Gibbons                                     45     0   5  0  

Penalty Kill - 3 Players Defense
   Defense                  Defense                  Time % Phy DF OF 
 1 Sami Vatanen             Mirco Mueller            55     0   5  0  
 2 Ben Harpur               Marc-Edouard Vlasic      45     0   5  0  

4 vs 4 Forward 
   Center                   Wing                     Time % Phy DF OF 
 1 Jonathan Miller          David Pastrnak           55     1   1  3  
 2 Nazem Kadri              Patrik Laine             45     1   1  3  

4 vs 4 Defense
   Defense                  Defense                  Time % Phy DF OF 
 1 Ron Hainsey              Ryan Murray              55     0   2  3  
 2 Marc-Edouard Vlasic      Sami Vatanen             45     1   2  2  

Last Minutes Offensive
   Center                   Left Wing                Right Wing               Defense                  Defense                  
   Jonathan Miller          Patrik Laine             David Pastrnak           Marc-Edouard Vlasic      Ryan Murray              

Last Minutes Defensive
   Center                   Left Wing                Right Wing               Defense                  Defense                  
   Boone Jenner             Brandon Saad             Blake Comeau             Marc-Edouard Vlasic      Ron Hainsey              

Goaltenders
Starting : Frederik Andersen        
Backup : Anton Khudobin           

Extra Forwards
Normal : Max Pacioretty, Brandon Saad, Nazem Kadri - PP : Max Pacioretty, Nazem Kadri - PK : Boone Jenner
Extra Defensemen
Normal : Mirco Mueller, Sami Vatanen, Ryan Murray - PP : Sami Vatanen - PK : Mirco Mueller, Ron Hainsey
Penalty Shots
David Pastrnak, Patrik Laine, Jonathan Miller, Max Pacioretty, Nazem Kadri
Custom OT Lines Forwards
David Pastrnak, Jonathan Miller, Patrik Laine, Max Pacioretty, Nazem Kadri, Brandon Saad, Boone Jenner, Blake Comeau, Brian Gibbons, Valeri Nichushkin
Custom OT Lines Defensemen
Marc-Edouard Vlasic, Ron Hainsey, Ryan Murray, Sami Vatanen, Mirco Mueller

Scratches
Joel Edmundson (Right Hand Injury)

ANAHEIM OUTLAWS

5 vs 5 Forward 
   Center                   Left Wing                Right Wing               Time % Phy DF OF 
 1 Jonathan Drouin          Michael Rasmussen        John Tavares             29     1   1  3  
 2 Garnet Hathaway          Nicholas Ritchie         Matt Duchene             29     1   2  2  
 3 Adrian Kempe             Michael Grabner          Richard Panik            25     1   2  2  
 4 Jonathan Audy-MarchessaulMatt Duchene             Ryan Callahan            17     1   3  1  

5 vs 5 Defense 
   Defense                  Defense                                           Time % Phy DF OF 
 1 Mark Borowiecki          Duncan Keith                                      35     1   2  2  
 2 Keith Yandle             Robert Bortuzzo                                   35     1   2  2  
 3 Morgan Rielly            Thomas Hickey                                     20     1   4  0  
 4 Mark Borowiecki          Duncan Keith                                      10     1   2  2  

PowerPlay Forward 
   Center                   Left Wing                Right Wing               Time % Phy DF OF 
 1 Jonathan Drouin          Garnet Hathaway          Richard Panik            50     0   1  4  
 2 Ryan Callahan            Michael Rasmussen        Michael Grabner          50     0   1  4  

PowerPlay Defense
   Defense                  Defense                                           Time % Phy DF OF 
 1 Mark Borowiecki          Duncan Keith                                      50     1   1  3  
 2 Robert Bortuzzo          Thomas Hickey                                     50     1   1  3  

Penalty Kill 4 Players Forward 
   Center                   Wing                     Time % Phy DF OF 
 1 Jonathan Drouin          Richard Panik            50     1   4  0  
 2 Garnet Hathaway          Ryan Callahan            50     1   4  0  

Penalty Kill 4 Players Defense
   Defense                  Defense                  Time % Phy DF OF 
 1 Thomas Hickey            Duncan Keith             50     1   4  0  
 2 Morgan Rielly            Mark Borowiecki          50     1   4  0  

Penalty Kill - 3 Players Forward 
   Forward                                           Time % Phy DF OF 
 1 Richard Panik                                     55     1   2  2  
 2 Ryan Callahan                                     45     1   2  2  

Penalty Kill - 3 Players Defense
   Defense                  Defense                  Time % Phy DF OF 
 1 Mark Borowiecki          Thomas Hickey            55     1   2  2  
 2 Keith Yandle             Duncan Keith             45     1   2  2  

4 vs 4 Forward 
   Center                   Wing                     Time % Phy DF OF 
 1 Michael Grabner          Jonathan Drouin          50     1   2  2  
 2 Ryan Callahan            Richard Panik            50     1   2  2  

4 vs 4 Defense
   Defense                  Defense                  Time % Phy DF OF 
 1 Keith Yandle             Duncan Keith             50     1   2  2  
 2 Thomas Hickey            Mark Borowiecki          50     1   2  2  

Last Minutes Offensive
   Center                   Left Wing                Right Wing               Defense                  Defense                  
   Garnet Hathaway          Michael Rasmussen        John Tavares             Robert Bortuzzo          Mark Borowiecki          

Last Minutes Defensive
   Center                   Left Wing                Right Wing               Defense                  Defense                  
   Jonathan Drouin          Michael Grabner          Michael Rasmussen        Duncan Keith             Keith Yandle             

Goaltenders
Starting : Matthew Murray           
Backup : Mackenzie Blackwood      

Extra Forwards
Normal : Jonathan Drouin, Richard Panik, Ryan Callahan - PP : Ryan Callahan, Richard Panik - PK : Richard Panik
Extra Defensemen
Normal : Thomas Hickey, Duncan Keith, Mark Borowiecki - PP : Duncan Keith - PK : Mark Borowiecki, Duncan Keith
Penalty Shots
Richard Panik, Ryan Callahan, Michael Grabner, Jonathan Drouin, Garnet Hathaway
Custom OT Lines Forwards
Michael Rasmussen, Jonathan Drouin, John Tavares, Garnet Hathaway, Matt Duchene, Ryan Callahan, Michael Grabner, Nicholas Ritchie, Richard Panik, Adrian Kempe
Custom OT Lines Defensemen
Keith Yandle, Thomas Hickey, Duncan Keith, Robert Bortuzzo, Mark Borowiecki

Scratches
Brett Pollock (Healthy), Cole Bardreau (Healthy), Frederik Gauthier (Healthy), Joe Hicketts (Right Leg Injury), Kevin Fiala (Upper Body Injury)
Logan Shaw (Healthy), Mike Condon (Healthy)

% Time on Ice - REGINA FALCONS

Lines # - Real PCT - Wanted PCT - Time Play
Normal Forward
1 - 34% - 35% - 14:17
2 - 30% - 32% - 12:31
3 - 21% - 19% - 9:04
4 - 15% - 14% - 6:24
Normal Defense
1 - 33% - 38% - 14:07
2 - 37% - 35% - 15:32
3 - 30% - 27% - 12:37
4 - 0% - 0% - 0:00
PP Forward
1 - 59% - 55% - 8:11
2 - 41% - 45% - 5:35
PP Defense
1 - 55% - 55% - 7:36
2 - 45% - 45% - 6:10
PK Forward
1 - 62% - 55% - 2:28
2 - 38% - 45% - 1:30
PK Defense
1 - 39% - 55% - 1:33
2 - 61% - 45% - 2:25
PK3 Forward
1 - 0% - 55%
2 - 0% - 45%
PK3 Defense
1 - 0% - 55%
2 - 0% - 45%
44 Forward
1 - 0% - 55%
2 - 0% - 45%
44 Defense
1 - 0% - 55%
2 - 0% - 45%
Last Minute Offensive  - 0:00
Last Minute Defensive  - 0:00
Total
Forward - 60:00
Defense - 60:00

% Time on Ice - ANAHEIM OUTLAWS

Lines # - Real PCT - Wanted PCT - Time Play
Normal Forward
1 - 32% - 29% - 13:43
2 - 29% - 29% - 12:08
3 - 24% - 25% - 10:21
4 - 14% - 17% - 6:04
Normal Defense
1 - 34% - 35% - 14:24
2 - 40% - 35% - 16:56
3 - 24% - 20% - 10:18
4 - 1% - 10% - 0:38
PP Forward
1 - 43% - 50% - 1:43
2 - 57% - 50% - 2:15
PP Defense
1 - 52% - 50% - 2:03
2 - 48% - 50% - 1:55
PK Forward
1 - 53% - 50% - 7:14
2 - 47% - 50% - 6:32
PK Defense
1 - 43% - 50% - 5:54
2 - 57% - 50% - 7:52
PK3 Forward
1 - 0% - 55%
2 - 0% - 45%
PK3 Defense
1 - 0% - 55%
2 - 0% - 45%
44 Forward
1 - 0% - 50%
2 - 0% - 50%
44 Defense
1 - 0% - 50%
2 - 0% - 50%
Last Minute Offensive  - 0:00
Last Minute Defensive  - 0:00
Total
Forward - 60:00
Defense - 60:00

Play-by-Play

1st period


0:01 of 1st period - Jonathan Drouin wins face-off versus Jonathan Miller in neutral zone.
0:53 of 1st period - Icing by Duncan Keith.
0:54 of 1st period - Jonathan Drouin wins face-off versus Nazem Kadri in ANAHEIM OUTLAWS zone.
0:54 of 1st period - Jonathan Drouin is hit by Blake Comeau.
1:16 of 1st period - Icing by Robert Bortuzzo.
1:17 of 1st period - Garnet Hathaway wins face-off versus Boone Jenner in ANAHEIM OUTLAWS zone.
1:26 of 1st period - Keith Yandle is hit by Brandon Saad and loses puck.
1:39 of 1st period - Shot by Boone Jenner.
1:39 of 1st period - Shot Blocked by Robert Bortuzzo.
2:06 of 1st period - Off-side.
2:07 of 1st period - Michael Grabner wins face-off versus Antti Suomela in neutral zone.
3:00 of 1st period - Off-side.
3:01 of 1st period - Nazem Kadri wins face-off versus Jonathan Audy-Marchessault in neutral zone.
3:03 of 1st period - Max Pacioretty is hit by Mark Borowiecki and loses puck.
3:16 of 1st period - Ron Hainsey is hit by Ryan Callahan.
3:33 of 1st period - Shot by Blake Comeau.
3:33 of 1st period - Stopped by Matthew Murray without a rebound.
3:34 of 1st period - Jonathan Miller wins face-off versus Jonathan Drouin in ANAHEIM OUTLAWS zone.
3:49 of 1st period - Shot by Keith Yandle.
3:49 of 1st period - Shot Hit the Post.
3:59 of 1st period - Shot by John Tavares.
3:59 of 1st period - Stopped by Frederik Andersen without a rebound.
4:00 of 1st period - Boone Jenner wins face-off versus Garnet Hathaway in REGINA FALCONS zone.
4:00 of 1st period - Boone Jenner is hit by Garnet Hathaway.
4:15 of 1st period - Shot by Mark Borowiecki.
4:15 of 1st period - Shot Blocked by Sami Vatanen.
4:17 of 1st period - Shot by Mark Borowiecki.
4:17 of 1st period - Shot Blocked by Sami Vatanen.
4:30 of 1st period - Off-side.
4:31 of 1st period - Nazem Kadri wins face-off versus Michael Grabner in neutral zone.
4:33 of 1st period - Max Pacioretty is hit by Robert Bortuzzo and loses puck.
4:48 of 1st period - Shot by Max Pacioretty.
4:48 of 1st period - Shot Hit the Post.
5:12 of 1st period - Shot by Blake Comeau.
5:12 of 1st period - Deflect By Max Pacioretty.
5:12 of 1st period - Stopped by Matthew Murray without a rebound.
5:13 of 1st period - Jonathan Audy-Marchessault wins face-off versus Jonathan Miller in ANAHEIM OUTLAWS zone.
5:19 of 1st period - Minor Penalty to Ryan Callahan for High sticking.
5:20 of 1st period - Jonathan Miller wins face-off versus Garnet Hathaway in ANAHEIM OUTLAWS zone.
5:25 of 1st period - Shot by Patrik Laine.
5:25 of 1st period - Stopped by Matthew Murray with a rebound.
7:05 of 1st period - Shot by Nazem Kadri.
7:05 of 1st period - Stopped by Matthew Murray without a rebound.
7:06 of 1st period - Jonathan Miller wins face-off versus Garnet Hathaway in ANAHEIM OUTLAWS zone.
7:27 of 1st period - Shot by Valeri Nichushkin.
7:27 of 1st period - Shot Misses the Net.
7:46 of 1st period - Shot by John Tavares.
7:46 of 1st period - Shot Misses the Net.
7:48 of 1st period - Shot by John Tavares.
7:48 of 1st period - Stopped by Frederik Andersen without a rebound.
7:49 of 1st period - Matt Duchene wins face-off versus Boone Jenner in REGINA FALCONS zone.
7:50 of 1st period - Shot by Jonathan Audy-Marchessault.
7:50 of 1st period - Shot Misses the Net.
8:03 of 1st period - Ron Hainsey is hit by Ryan Callahan and loses puck.
8:27 of 1st period - Shot by Boone Jenner.
8:27 of 1st period - Stopped by Matthew Murray without a rebound.
8:28 of 1st period - Adrian Kempe wins face-off versus Jonathan Miller in ANAHEIM OUTLAWS zone.
8:43 of 1st period - Off-side.
8:44 of 1st period - Nazem Kadri wins face-off versus Jonathan Drouin in neutral zone.
8:55 of 1st period - Shot by Max Pacioretty.
8:55 of 1st period - Stopped by Matthew Murray without a rebound.
8:56 of 1st period - Jonathan Miller wins face-off versus Garnet Hathaway in ANAHEIM OUTLAWS zone.
9:03 of 1st period - Shot by David Pastrnak.
9:03 of 1st period - Deflect By Jonathan Miller.
9:03 of 1st period - Shot Misses the Net.
9:05 of 1st period - Shot by Ryan Murray.
9:05 of 1st period - Goal by Ryan Murray - REGINA FALCONS : 1 - ANAHEIM OUTLAWS : 0.
9:06 of 1st period - Jonathan Drouin wins face-off versus Patrik Laine in neutral zone.
9:10 of 1st period - Jonathan Drouin is hit by Ryan Murray and loses puck.
9:41 of 1st period - Shot by Jonathan Drouin.
9:41 of 1st period - Shot Misses the Net.
9:43 of 1st period - Shot by John Tavares.
9:43 of 1st period - Shot Misses the Net.
9:45 of 1st period - Shot by Michael Rasmussen.
9:45 of 1st period - Stopped by Frederik Andersen without a rebound.
9:46 of 1st period - Nazem Kadri wins face-off versus Garnet Hathaway in REGINA FALCONS zone.
9:53 of 1st period - Shot by Max Pacioretty.
9:53 of 1st period - Goal by Max Pacioretty - REGINA FALCONS : 2 - ANAHEIM OUTLAWS : 0.
9:54 of 1st period - Nazem Kadri wins face-off versus Garnet Hathaway in neutral zone.
9:57 of 1st period - Shot by Marc-Edouard Vlasic.
9:57 of 1st period - Shot Misses the Net.
10:23 of 1st period - Shot by Keith Yandle.
10:23 of 1st period - Stopped by Frederik Andersen with a rebound.
10:39 of 1st period - Marc-Edouard Vlasic is hit by Garnet Hathaway and loses puck.
11:15 of 1st period - Shot by Patrik Laine.
11:15 of 1st period - Stopped by Matthew Murray without a rebound.
11:16 of 1st period - Adrian Kempe wins face-off versus Valeri Nichushkin in ANAHEIM OUTLAWS zone.
11:57 of 1st period - Minor Penalty to Richard Panik for Tripping.
11:58 of 1st period - Jonathan Miller wins face-off versus Jonathan Drouin in ANAHEIM OUTLAWS zone.
12:03 of 1st period - Shot by Patrik Laine.
12:03 of 1st period - Shot Blocked by Jonathan Audy-Marchessault.
12:05 of 1st period - Shot by Ryan Murray.
12:05 of 1st period - Stopped by Matthew Murray without a rebound.
12:06 of 1st period - Jonathan Drouin wins face-off versus Jonathan Miller in ANAHEIM OUTLAWS zone.
12:19 of 1st period - Shot by Jonathan Miller.
12:19 of 1st period - Stopped by Matthew Murray with a rebound.
12:48 of 1st period - Shot by David Pastrnak.
12:48 of 1st period - Stopped by Matthew Murray without a rebound.
12:49 of 1st period - Nazem Kadri wins face-off versus Garnet Hathaway in ANAHEIM OUTLAWS zone.
13:10 of 1st period - Shot by Brandon Saad.
13:10 of 1st period - Shot Blocked by Thomas Hickey.
13:30 of 1st period - Shot by Brandon Saad.
13:30 of 1st period - Stopped by Matthew Murray without a rebound.
13:31 of 1st period - Jonathan Miller wins face-off versus Jonathan Drouin in ANAHEIM OUTLAWS zone.
14:20 of 1st period - Mirco Mueller is hit by Richard Panik and loses puck.
14:24 of 1st period - Icing by Ben Harpur.
14:25 of 1st period - John Tavares wins face-off versus Antti Suomela in REGINA FALCONS zone.
14:52 of 1st period - Shot by David Pastrnak.
14:52 of 1st period - Stopped by Matthew Murray without a rebound.
14:53 of 1st period - Jonathan Miller wins face-off versus Jonathan Audy-Marchessault in ANAHEIM OUTLAWS zone.
14:53 of 1st period - Jonathan Miller is hit by Robert Bortuzzo.
15:13 of 1st period - Minor Penalty to Ryan Callahan for Holding.
15:14 of 1st period - Max Pacioretty wins face-off versus Jonathan Drouin in ANAHEIM OUTLAWS zone.
15:57 of 1st period - Shot by Brandon Saad.
15:57 of 1st period - Shot Misses the Net.
15:59 of 1st period - Shot by Brandon Saad.
15:59 of 1st period - Deflect By Max Pacioretty.
15:59 of 1st period - Stopped by Matthew Murray without a rebound.
16:00 of 1st period - Jonathan Miller wins face-off versus Jonathan Drouin in ANAHEIM OUTLAWS zone.
17:12 of 1st period - Shot by Max Pacioretty.
17:12 of 1st period - Goal by Max Pacioretty - REGINA FALCONS : 3 - ANAHEIM OUTLAWS : 0.
17:13 of 1st period - Jonathan Drouin wins face-off versus Antti Suomela in neutral zone.
18:02 of 1st period - Shot by Nazem Kadri.
18:02 of 1st period - Shot Misses the Net.
18:24 of 1st period - Shot by Blake Comeau.
18:24 of 1st period - Shot Misses the Net.
18:36 of 1st period - Shot by Blake Comeau.
18:36 of 1st period - Stopped by Matthew Murray without a rebound.
18:37 of 1st period - Jonathan Miller wins face-off versus Garnet Hathaway in ANAHEIM OUTLAWS zone.
18:38 of 1st period - Shot by David Pastrnak.
18:38 of 1st period - Stopped by Matthew Murray without a rebound.
18:39 of 1st period - Jonathan Miller wins face-off versus Garnet Hathaway in ANAHEIM OUTLAWS zone.
18:50 of 1st period - Shot by Patrik Laine.
18:50 of 1st period - Shot Blocked by Mark Borowiecki.
19:06 of 1st period - Shot by Jonathan Miller.
19:06 of 1st period - Stopped by Matthew Murray without a rebound.
19:07 of 1st period - Blake Comeau wins face-off versus Adrian Kempe in ANAHEIM OUTLAWS zone.
19:10 of 1st period - Shot by Nazem Kadri.
19:10 of 1st period - Deflect By Max Pacioretty.
19:10 of 1st period - Stopped by Matthew Murray without a rebound.
19:10 of 1st period - Minor Penalty to Thomas Hickey for Goalie Interference.
19:11 of 1st period - Nazem Kadri wins face-off versus Garnet Hathaway in ANAHEIM OUTLAWS zone.
19:12 of 1st period - Shot by Brandon Saad.
19:12 of 1st period - Shot Misses the Net.
19:18 of 1st period - Shot by Marc-Edouard Vlasic.
19:18 of 1st period - Stopped by Matthew Murray without a rebound.
19:19 of 1st period - Jonathan Drouin wins face-off versus Jonathan Miller in ANAHEIM OUTLAWS zone.
19:32 of 1st period - Shot by Jonathan Miller.
19:32 of 1st period - Stopped by Matthew Murray with a rebound.
Goals for this period are 3 for REGINA FALCONS vs 0 for ANAHEIM OUTLAWS.
Shots for this period are 22 for REGINA FALCONS vs 4 for ANAHEIM OUTLAWS.

2nd period


0:01 of 2nd period - Jonathan Miller wins face-off versus Jonathan Drouin in neutral zone.
0:06 of 2nd period - Shot by Jonathan Miller.
0:06 of 2nd period - Shot Misses the Net.
1:00 of 2nd period - Shot by Brandon Saad.
1:00 of 2nd period - Shot Misses the Net.
1:02 of 2nd period - Shot by Marc-Edouard Vlasic.
1:02 of 2nd period - Goal by Marc-Edouard Vlasic - REGINA FALCONS : 4 - ANAHEIM OUTLAWS : 0.
1:02 of 2nd period - Mackenzie Blackwood enters game.
1:03 of 2nd period - Nazem Kadri wins face-off versus Nicholas Ritchie in neutral zone.
1:03 of 2nd period - Blake Comeau is hit by Garnet Hathaway and loses puck.
1:10 of 2nd period - Shot by Max Pacioretty.
1:10 of 2nd period - Shot Misses the Net.
1:12 of 2nd period - Shot by Blake Comeau.
1:12 of 2nd period - Shot Misses the Net.
1:14 of 2nd period - Shot by Nazem Kadri.
1:14 of 2nd period - Stopped by Mackenzie Blackwood without a rebound.
1:15 of 2nd period - Boone Jenner wins face-off versus Jonathan Audy-Marchessault in ANAHEIM OUTLAWS zone.
1:23 of 2nd period - Icing by Robert Bortuzzo.
1:24 of 2nd period - Nazem Kadri wins face-off versus Ryan Callahan in ANAHEIM OUTLAWS zone.
1:24 of 2nd period - Max Pacioretty is hit by Robert Bortuzzo and loses puck.
1:33 of 2nd period - Shot by Nazem Kadri.
1:33 of 2nd period - Shot Blocked by Matt Duchene.
1:35 of 2nd period - Shot by Max Pacioretty.
1:35 of 2nd period - Goal by Max Pacioretty - REGINA FALCONS : 5 - ANAHEIM OUTLAWS : 0.
1:36 of 2nd period - Jonathan Miller wins face-off versus Garnet Hathaway in neutral zone.
2:09 of 2nd period - Jonathan Miller is hit by Thomas Hickey and loses puck.
2:19 of 2nd period - Minor Penalty to Sami Vatanen for Hooking.
2:20 of 2nd period - Boone Jenner wins face-off versus Ryan Callahan in REGINA FALCONS zone.
3:14 of 2nd period - Boone Jenner is hit by Garnet Hathaway and loses puck.
4:23 of 2nd period - Off-side.
4:24 of 2nd period - Jonathan Drouin wins face-off versus Jonathan Miller in neutral zone.
5:18 of 2nd period - Icing by David Pastrnak.
5:19 of 2nd period - Adrian Kempe wins face-off versus Jonathan Miller in REGINA FALCONS zone.
5:34 of 2nd period - Morgan Rielly is hit by Patrik Laine and loses puck.
5:55 of 2nd period - Shot by Richard Panik.
5:55 of 2nd period - Stopped by Frederik Andersen without a rebound.
5:56 of 2nd period - Max Pacioretty wins face-off versus Jonathan Audy-Marchessault in REGINA FALCONS zone.
6:11 of 2nd period - Shot by Nazem Kadri.
6:11 of 2nd period - Stopped by Mackenzie Blackwood with a rebound.
6:13 of 2nd period - Shot by Nazem Kadri.
6:13 of 2nd period - Stopped by Mackenzie Blackwood without a rebound.
6:14 of 2nd period - Jonathan Drouin wins face-off versus Brian Gibbons in ANAHEIM OUTLAWS zone.
6:18 of 2nd period - Off-side.
6:19 of 2nd period - Garnet Hathaway wins face-off versus Nazem Kadri in neutral zone.
6:50 of 2nd period - Shot by Nazem Kadri.
6:50 of 2nd period - Stopped by Mackenzie Blackwood without a rebound.
6:51 of 2nd period - Boone Jenner wins face-off versus Jonathan Drouin in ANAHEIM OUTLAWS zone.
6:54 of 2nd period - Shot by Brandon Saad.
6:54 of 2nd period - Stopped by Mackenzie Blackwood without a rebound.
6:55 of 2nd period - Adrian Kempe wins face-off versus Jonathan Miller in ANAHEIM OUTLAWS zone.
7:41 of 2nd period - Jonathan Miller is hit by Adrian Kempe and loses puck.
8:00 of 2nd period - Shot by Max Pacioretty.
8:00 of 2nd period - Stopped by Mackenzie Blackwood with a rebound.
8:02 of 2nd period - Shot by Marc-Edouard Vlasic.
8:02 of 2nd period - Stopped by Mackenzie Blackwood without a rebound.
8:03 of 2nd period - Jonathan Drouin wins face-off versus Boone Jenner in ANAHEIM OUTLAWS zone.
8:03 of 2nd period - John Tavares is hit by Brian Gibbons and loses puck.
8:18 of 2nd period - Shot by Brandon Saad.
8:18 of 2nd period - Shot Misses the Net.
8:20 of 2nd period - Shot by Boone Jenner.
8:20 of 2nd period - Deflect By Brandon Saad.
8:20 of 2nd period - Shot Misses the Net.
8:31 of 2nd period - John Tavares is hit by Ryan Murray and loses puck.
9:45 of 2nd period - Shot by Matt Duchene.
9:45 of 2nd period - Deflect By Jonathan Audy-Marchessault.
9:45 of 2nd period - Shot Misses the Net.
10:09 of 2nd period - Shot by Richard Panik.
10:09 of 2nd period - Shot Misses the Net.
10:31 of 2nd period - Shot by Patrik Laine.
10:31 of 2nd period - Shot Misses the Net.
12:25 of 2nd period - Off-side.
12:26 of 2nd period - Nazem Kadri wins face-off versus Jonathan Drouin in neutral zone.
12:48 of 2nd period - Off-side.
12:49 of 2nd period - Jonathan Miller wins face-off versus Matt Duchene in neutral zone.
13:10 of 2nd period - Shot by Patrik Laine.
13:10 of 2nd period - Shot Blocked by Thomas Hickey.
13:24 of 2nd period - Jonathan Miller is hit by Ryan Callahan and loses puck.
13:52 of 2nd period - Minor Penalty to Michael Rasmussen for Goalie Interference.
13:53 of 2nd period - Nazem Kadri wins face-off versus Jonathan Drouin in ANAHEIM OUTLAWS zone.
13:58 of 2nd period - Shot by Max Pacioretty.
13:58 of 2nd period - Deflect By Nazem Kadri.
13:58 of 2nd period - Shot Blocked by Mark Borowiecki.
14:00 of 2nd period - Shot by Marc-Edouard Vlasic.
14:00 of 2nd period - Shot Blocked by Mark Borowiecki.
14:02 of 2nd period - Shot by Brandon Saad.
14:02 of 2nd period - Shot Misses the Net.
14:04 of 2nd period - Shot by Ron Hainsey.
14:04 of 2nd period - Shot Misses the Net.
15:27 of 2nd period - Icing by Max Pacioretty.
15:28 of 2nd period - Max Pacioretty wins face-off versus Garnet Hathaway in REGINA FALCONS zone.
16:50 of 2nd period - Shot by Duncan Keith.
16:50 of 2nd period - Stopped by Frederik Andersen without a rebound.
16:51 of 2nd period - Jonathan Miller wins face-off versus Garnet Hathaway in REGINA FALCONS zone.
17:02 of 2nd period - Shot by Patrik Laine.
17:02 of 2nd period - Goal by Patrik Laine - REGINA FALCONS : 6 - ANAHEIM OUTLAWS : 0.
17:03 of 2nd period - Boone Jenner wins face-off versus Adrian Kempe in neutral zone.
17:13 of 2nd period - Richard Panik is hit by Ryan Murray and loses puck.
17:47 of 2nd period - Shot by Nicholas Ritchie.
17:47 of 2nd period - Shot Misses the Net.
17:49 of 2nd period - Shot by Morgan Rielly.
17:49 of 2nd period - Shot Misses the Net.
17:51 of 2nd period - Shot by Matt Duchene.
17:51 of 2nd period - Goal by Matt Duchene - REGINA FALCONS : 6 - ANAHEIM OUTLAWS : 1.
17:52 of 2nd period - Nazem Kadri wins face-off versus Jonathan Drouin in neutral zone.
18:08 of 2nd period - Shot by Nazem Kadri.
18:08 of 2nd period - Shot Blocked by Duncan Keith.
18:10 of 2nd period - Shot by Ron Hainsey.
18:10 of 2nd period - Stopped by Mackenzie Blackwood with a rebound.
18:21 of 2nd period - Icing by Marc-Edouard Vlasic.
18:22 of 2nd period - Garnet Hathaway wins face-off versus Nazem Kadri in REGINA FALCONS zone.
18:33 of 2nd period - Shot by Max Pacioretty.
18:33 of 2nd period - Shot Misses the Net.
18:41 of 2nd period - Shot by Max Pacioretty.
18:41 of 2nd period - Stopped by Mackenzie Blackwood with a rebound.
19:04 of 2nd period - Off-side.
19:05 of 2nd period - John Tavares wins face-off versus Boone Jenner in neutral zone.
19:12 of 2nd period - Shot by John Tavares.
19:12 of 2nd period - Shot Misses the Net.
Goals for this period are 3 for REGINA FALCONS vs 1 for ANAHEIM OUTLAWS.
Shots for this period are 12 for REGINA FALCONS vs 3 for ANAHEIM OUTLAWS.

3rd period


0:01 of 3rd period - Max Pacioretty wins face-off versus Garnet Hathaway in neutral zone.
0:01 of 3rd period - Nazem Kadri is hit by Garnet Hathaway and loses puck.
0:07 of 3rd period - Minor Penalty to Mark Borowiecki for Hooking.
0:08 of 3rd period - Jonathan Miller wins face-off versus Garnet Hathaway in ANAHEIM OUTLAWS zone.
0:49 of 3rd period - Shot by Patrik Laine.
0:49 of 3rd period - Stopped by Mackenzie Blackwood without a rebound.
0:50 of 3rd period - Nazem Kadri wins face-off versus Jonathan Drouin in ANAHEIM OUTLAWS zone.
1:13 of 3rd period - Shot by Nazem Kadri.
1:13 of 3rd period - Shot Misses the Net.
1:15 of 3rd period - Shot by Marc-Edouard Vlasic.
1:15 of 3rd period - Shot Blocked by Duncan Keith.
2:27 of 3rd period - Shot by Matt Duchene.
2:27 of 3rd period - Shot Blocked by Ben Harpur.
2:29 of 3rd period - Shot by Matt Duchene.
2:29 of 3rd period - Shot Blocked by Matt Martin.
2:31 of 3rd period - Shot by Keith Yandle.
2:31 of 3rd period - Shot Misses the Net.
2:33 of 3rd period - Shot by Matt Duchene.
2:33 of 3rd period - Shot Blocked by Ben Harpur.
2:35 of 3rd period - Shot by Matt Duchene.
2:35 of 3rd period - Stopped by Frederik Andersen with a rebound.
2:57 of 3rd period - Ryan Murray is hit by Michael Rasmussen and loses puck.
3:22 of 3rd period - Shot by Boone Jenner.
3:22 of 3rd period - Stopped by Mackenzie Blackwood without a rebound.
3:23 of 3rd period - Nazem Kadri wins face-off versus Garnet Hathaway in ANAHEIM OUTLAWS zone.
3:30 of 3rd period - Shot by Matt Duchene.
3:30 of 3rd period - Shot Misses the Net.
3:32 of 3rd period - Shot by Morgan Rielly.
3:32 of 3rd period - Stopped by Frederik Andersen with a rebound.
3:42 of 3rd period - Shot by Nicholas Ritchie.
3:42 of 3rd period - Deflect By Matt Duchene.
3:42 of 3rd period - Shot Misses the Net.
3:45 of 3rd period - Minor Penalty to Ron Hainsey for Hooking.
3:46 of 3rd period - Boone Jenner wins face-off versus Ryan Callahan in REGINA FALCONS zone.
3:55 of 3rd period - Shot by Boone Jenner.
3:55 of 3rd period - Stopped by Mackenzie Blackwood with a rebound.
3:57 of 3rd period - Shot by Brandon Saad.
3:57 of 3rd period - Stopped by Mackenzie Blackwood without a rebound.
3:58 of 3rd period - Brandon Saad wins face-off versus Jonathan Drouin in ANAHEIM OUTLAWS zone.
4:17 of 3rd period - Shot by Jonathan Drouin.
4:17 of 3rd period - Stopped by Frederik Andersen with a rebound.
4:19 of 3rd period - Shot by Richard Panik.
4:19 of 3rd period - Shot Blocked by Ben Harpur.
4:21 of 3rd period - Shot by Thomas Hickey.
4:21 of 3rd period - Stopped by Frederik Andersen without a rebound.
4:22 of 3rd period - Antti Suomela wins face-off versus Ryan Callahan in REGINA FALCONS zone.
5:51 of 3rd period - Shot by Jonathan Audy-Marchessault.
5:51 of 3rd period - Stopped by Frederik Andersen without a rebound.
5:52 of 3rd period - Jonathan Miller wins face-off versus Garnet Hathaway in REGINA FALCONS zone.
5:54 of 3rd period - Icing by David Pastrnak.
5:55 of 3rd period - Adrian Kempe wins face-off versus Jonathan Miller in REGINA FALCONS zone.
6:30 of 3rd period - Shot by Adrian Kempe.
6:30 of 3rd period - Stopped by Frederik Andersen without a rebound.
6:31 of 3rd period - Nazem Kadri wins face-off versus Jonathan Drouin in REGINA FALCONS zone.
6:38 of 3rd period - Shot by Max Pacioretty.
6:38 of 3rd period - Shot Misses the Net.
7:11 of 3rd period - Shot by John Tavares.
7:11 of 3rd period - Goal by John Tavares - REGINA FALCONS : 6 - ANAHEIM OUTLAWS : 2.
7:12 of 3rd period - Jonathan Miller wins face-off versus Garnet Hathaway in neutral zone.
7:15 of 3rd period - Robert Bortuzzo is hit by Jonathan Miller.
7:19 of 3rd period - Shot by Patrik Laine.
7:19 of 3rd period - Shot Misses the Net.
7:31 of 3rd period - Shot by David Pastrnak.
7:31 of 3rd period - Stopped by Mackenzie Blackwood without a rebound.
7:32 of 3rd period - Boone Jenner wins face-off versus Adrian Kempe in ANAHEIM OUTLAWS zone.
7:32 of 3rd period - Boone Jenner is hit by Mark Borowiecki.
7:39 of 3rd period - Richard Panik is hit by Boone Jenner.
7:51 of 3rd period - Shot by Adrian Kempe.
7:51 of 3rd period - Shot Misses the Net.
7:53 of 3rd period - Shot by Duncan Keith.
7:53 of 3rd period - Stopped by Frederik Andersen without a rebound.
7:54 of 3rd period - Nazem Kadri wins face-off versus Garnet Hathaway in REGINA FALCONS zone.
7:54 of 3rd period - Nazem Kadri is hit by Nicholas Ritchie.
8:13 of 3rd period - Off-side.
8:14 of 3rd period - Jonathan Miller wins face-off versus Jonathan Drouin in neutral zone.
8:22 of 3rd period - Icing by Mark Borowiecki.
8:23 of 3rd period - Nazem Kadri wins face-off versus Jonathan Drouin in ANAHEIM OUTLAWS zone.
8:30 of 3rd period - Shot by Max Pacioretty.
8:30 of 3rd period - Shot Blocked by Mark Borowiecki.
8:32 of 3rd period - Shot by Nazem Kadri.
8:32 of 3rd period - Stopped by Mackenzie Blackwood without a rebound.
8:33 of 3rd period - Garnet Hathaway wins face-off versus Jonathan Miller in ANAHEIM OUTLAWS zone.
8:56 of 3rd period - Shot by Nicholas Ritchie.
8:56 of 3rd period - Shot Misses the Net.
10:13 of 3rd period - Max Pacioretty is hit by Robert Bortuzzo and loses puck.
10:33 of 3rd period - Boone Jenner is hit by Robert Bortuzzo and loses puck.
10:46 of 3rd period - Shot by Boone Jenner.
10:46 of 3rd period - Shot Misses the Net.
10:48 of 3rd period - Shot by Mirco Mueller.
10:48 of 3rd period - Shot Blocked by Keith Yandle.
11:02 of 3rd period - Shot by Brandon Saad.
11:02 of 3rd period - Shot Misses the Net.
11:18 of 3rd period - Minor Penalty to Robert Bortuzzo for Tripping.
11:19 of 3rd period - Jonathan Miller wins face-off versus Richard Panik in ANAHEIM OUTLAWS zone.
11:26 of 3rd period - Shot by David Pastrnak.
11:26 of 3rd period - Stopped by Mackenzie Blackwood with a rebound.
11:44 of 3rd period - Shot by David Pastrnak.
11:44 of 3rd period - Stopped by Mackenzie Blackwood with a rebound.
11:46 of 3rd period - Shot by Sami Vatanen.
11:46 of 3rd period - Stopped by Mackenzie Blackwood without a rebound.
11:47 of 3rd period - Nazem Kadri wins face-off versus Garnet Hathaway in ANAHEIM OUTLAWS zone.
11:52 of 3rd period - Shot by Max Pacioretty.
11:52 of 3rd period - Deflect By Nazem Kadri.
11:52 of 3rd period - Stopped by Mackenzie Blackwood without a rebound.
11:53 of 3rd period - Nazem Kadri wins face-off versus Jonathan Drouin in ANAHEIM OUTLAWS zone.
11:56 of 3rd period - Shot by Brandon Saad.
11:56 of 3rd period - Stopped by Mackenzie Blackwood without a rebound.
11:57 of 3rd period - Jonathan Miller wins face-off versus Jonathan Drouin in ANAHEIM OUTLAWS zone.
13:05 of 3rd period - Icing by Ryan Murray.
13:06 of 3rd period - Nazem Kadri wins face-off versus Garnet Hathaway in REGINA FALCONS zone.
13:15 of 3rd period - Shot by Max Pacioretty.
13:15 of 3rd period - Stopped by Mackenzie Blackwood without a rebound.
13:16 of 3rd period - Nazem Kadri wins face-off versus Richard Panik in ANAHEIM OUTLAWS zone.
13:22 of 3rd period - Icing by Robert Bortuzzo.
13:23 of 3rd period - Adrian Kempe wins face-off versus Blake Comeau in ANAHEIM OUTLAWS zone.
13:57 of 3rd period - Off-side.
13:58 of 3rd period - Jonathan Miller wins face-off versus Jonathan Drouin in neutral zone.
14:18 of 3rd period - Off-side.
14:19 of 3rd period - Garnet Hathaway wins face-off versus Boone Jenner in neutral zone.
14:29 of 3rd period - Matt Duchene is hit by Mirco Mueller and loses puck.
14:37 of 3rd period - Off-side.
14:38 of 3rd period - Adrian Kempe wins face-off versus Patrik Laine in neutral zone.
14:49 of 3rd period - Shot by Richard Panik.
14:49 of 3rd period - Shot Misses the Net.
14:53 of 3rd period - Shot by Richard Panik.
14:53 of 3rd period - Deflect By Adrian Kempe.
14:53 of 3rd period - Shot Misses the Net.
14:55 of 3rd period - Shot by Duncan Keith.
14:55 of 3rd period - Deflect By Adrian Kempe.
14:55 of 3rd period - Shot Misses the Net.
14:57 of 3rd period - Shot by Duncan Keith.
14:57 of 3rd period - Shot Misses the Net.
15:28 of 3rd period - Icing by Marc-Edouard Vlasic.
15:29 of 3rd period - Jonathan Miller wins face-off versus Nicholas Ritchie in REGINA FALCONS zone.
16:14 of 3rd period - Shot by Nazem Kadri.
16:14 of 3rd period - Shot Misses the Net.
18:14 of 3rd period - Shot by Matt Duchene.
18:14 of 3rd period - Stopped by Frederik Andersen without a rebound.
18:15 of 3rd period - David Pastrnak wins face-off versus Jonathan Audy-Marchessault in REGINA FALCONS zone.
18:26 of 3rd period - Shot by Matt Duchene.
18:26 of 3rd period - Shot Blocked by Marc-Edouard Vlasic.
18:48 of 3rd period - Shot by Matt Duchene.
18:48 of 3rd period - Stopped by Frederik Andersen without a rebound.
18:49 of 3rd period - Jonathan Drouin wins face-off versus Nazem Kadri in REGINA FALCONS zone.
18:58 of 3rd period - John Tavares is hit by Max Pacioretty and loses puck.
19:11 of 3rd period - Shot by Nazem Kadri.
19:11 of 3rd period - Shot Misses the Net.
19:50 of 3rd period - Shot by David Pastrnak.
19:50 of 3rd period - Shot Misses the Net.
19:58 of 3rd period - Shot by David Pastrnak.
19:58 of 3rd period - Deflect By Jonathan Miller.
19:58 of 3rd period - Stopped by Mackenzie Blackwood without a rebound.
19:59 of 3rd period - Matt Duchene wins face-off versus Antti Suomela in ANAHEIM OUTLAWS zone.
Goals for this period are 0 for REGINA FALCONS vs 1 for ANAHEIM OUTLAWS.
Shots for this period are 13 for REGINA FALCONS vs 10 for ANAHEIM OUTLAWS.


AUSTON
MATTHEWS
JOEL
ERIKSSON
MATHEW
BARZAL

EAST COAST

HOCKEY LEAGUE

  • 21.PIT7MAN3
  • 22.ATL3NHW4
  • 23.WOR5PET4
  • 24.3RHI4
  • 25.QUECHI
  • 26.CHALIM
  • 27.TRVLON
  • 28.CHWBAL